 Dungeon Crawl Stone Soup version 0.31-a0-876-gfe8ebadbca (webtiles) character file.

Game seed: 9765207212351582956

152 DroidLikeDroid the Chopper (level 5, 47/47 HPs)
             Began as a Hill Orc Fighter on Oct 14, 2023.
             Quit the game on level 4 of the Dungeon.
             The game lasted 00:03:25 (2775 turns).

DroidLikeDroid the Chopper (Hill Orc Fighter)       Turns: 2775, Time: 00:03:25

Health: 47/47      AC:  9    Str: 19    XL:     5   Next: 34%
Magic:  5/5        EV:  9    Int:  8    God:
Gold:   141        SH:  4    Dex: 12    Spells: 4/4 levels left

rFire   . . .        a - +0 war axe
rCold   . . .        c - +0 buckler
rNeg    . . .        b - +0 scale mail
rPois   .            (no helmet)
rElec   .            j - +1 cloak
rCorr   .            (no gloves)
SInv    .            (no boots)
Will    .....        (no amulet) Stlth
                     (no ring)
HPRegen 0.27/turn    (no ring)
MPRegen 0.09/turn

%: no passive effects
@: no status effects
A: no striking features
a: no special abilities


You were on level 4 of the Dungeon.
You visited 1 branch of the dungeon, and saw 4 of its levels.

You collected 141 gold pieces.

Inventory:

Hand Weapons
 a - a +0 war axe (weapon)
Armour
 b - a +0 scale mail (worn)
 c - a +0 buckler (worn)
 j - a +1 cloak (worn)
Jewellery
 m - a ring of ice
 r - a +6 ring of intelligence
Talismans
 e - a granite talisman
Scrolls
 f - 3 scrolls of identify {unknown}
 i - a scroll of blinking {unknown}
 k - 2 scrolls of poison {unknown}
 l - a scroll of teleportation {unknown}
 o - a scroll of fog {unknown}
 p - 2 scrolls of vulnerability {unknown}
Potions
 d - 3 potions of might
 g - 5 potions of heal wounds {unknown}
 h - 2 potions of magic {unknown}
 n - a potion of lignification {unknown}
 q - a potion of mutation {unknown}


   Skills:
 + Level 4.5 Fighting
 + Level 5.0 Axes
 + Level 4.2 Armour
 + Level 3.8 Shields


You had 4 spell levels left.
You didn't know any spells.
Your spell library contained the following spells:

 Spells                   Type           Power      Damage    Failure   Level
 Magic Dart               Conj           0%         1d3       83%         1
 Slow                     Hex            0%         N/A       83%         1
 Searing Ray              Conj           0%         2d4       93%         2
 Confusing Touch          Hex            0%         N/A       99%         3
 Sigil of Binding         Hex            0%         N/A       99%         3
 Vampiric Draining        Necr           0%         2d6       99%         3
 Fulminant Prism          Conj/Hex       0%         3d5       100%        4


Dungeon Overview and Level Annotations

Branches:
Dungeon (4/15)
 Temple: D:4-7

Altars:
Sif Muna


Message History

Done exploring.
Done exploring.
No target in view!
Unknown command.
Unknown command.
Unknown command.
Unknown command.
Unknown command.
Unknown command.
Unknown command.
Unknown command.
Unknown command.
There are no items here.
You can't go down here!
There is a stone staircase leading down here.
Unknown command.
Unknown command.
Unknown command.
Unknown command.
Unknown command.
Unknown command.
Unknown command.
Unknown command.
Unknown command.
Unknown command.
No target in view!
There is a stone staircase leading down here.
You climb downwards.
You hear the sound of rushing water.
There is an entrance to a sewer on this level.
Hurry and find it before the portal rusts away!
Found a stone staircase leading up.
There is a stone staircase leading up here.
Unknown command.
You hear the sound of rushing water.
There is an entrance to a sewer on this level.
Hurry and find it before the portal rusts away!
Welcome back, DroidLikeDroid the Hill Orc Fighter.
Press ? for a list of commands and other information.
Unknown command.
Unknown command.
Are you sure you want to abandon this character and quit the game? (Confirm with "yes".)

##........
#........##
#.........##
##..........##
.............##
..............#
#.............#
#.....@.......
#.............
#............#
#....<......##
###......####
########


There were no monsters in sight!

Vanquished Creatures
  A phantom (D:3)
  3 adders
  2 worms
  2 dart slugs
  An endoplasm (D:3)
  3 giant cockroaches
  9 goblins
  5 hobgoblins
  3 jackals (D:3)
  3 kobolds
  4 ball pythons
  3 bats
  5 rats
44 creatures vanquished.

Notes
Turn   | Place    | Note
-------+----------+-------------------------------------------
     0 | D:1      | DroidLikeDroid the Hill Orc Fighter began the quest for the
                  | Orb.
     0 | D:1      | Reached XP level 1. HP: 19/19 MP: 1/1
   246 | D:1      | Reached XP level 2. HP: 27/27 MP: 2/2
   408 | D:1      | Reached skill level 3 in Axes
   954 | D:2      | Found a faded altar of an unknown god.
  1000 | D:2      | Reached XP level 3. HP: 33/33 MP: 3/3
  1654 | D:2      | Reached XP level 4. HP: 40/40 MP: 4/4
  1699 | D:2      | Reached skill level 4 in Axes
  2208 | D:3      | Noticed a phantom
  2225 | D:3      | Killed a phantom
  2226 | D:3      | Reached skill level 5 in Axes
  2226 | D:3      | Reached XP level 5. HP: 40/47 MP: 5/5
  2568 | D:3      | Found a shimmering blue altar of Sif Muna.
  2775 | D:4      | Quit the game

Illustrated notes

Levels and vault maps discovered:
D:1:      minmay_arrival_jagged, layout_basic
D:2:      layout_loops_corners, nicolae_ecumenical_pavilion,
          minmay_misc_feat_tiny
D:3:      layout_loops_ring, lemuel_blue_sif_altar, chequers_garden
D:4:      layout_cave_pods, minmay_temple_entry_proselytizer,
          portal_sewer_entry_f, uniq_duvessa

Skill      XL: |  1  2  3  4 |
---------------+-------------+-----
Axes           | 3 5 |  5.0
Fighting       | 4 |  4.5
Armour         | 4 |  4.2
Shields        | |  3.8

Action                     |  1- 3 |  4- 6 || total
---------------------------+-------+-------++-------
  Melee: War axe           |    87 |    69 ||   156
 Armour: Scale mail        |    58 |    63 ||   121
  Dodge: Dodged            |    41 |    33 ||    74
  Block: Buckler           |    17 |    12 ||    29

Table legend: (Time is in decaauts)
 A = Elapsed time spent in this place.
 B = Non-inter-level travel time spent in this place.
 C = Inter-level travel time spent in this place.
 D = Time resting spent in this place.
 E = Time spent auto-exploring this place.
 F = Levels seen in this place.
 G = Mean time per level.
                   A        B        C        D        E       F      G
               +--------+--------+--------+--------+--------+-----+--------+
         Total |   2828 |   2533 |    295 |      0 |   2134 |   4 |  707.0 |
       Dungeon |   2828 |   2533 |    295 |      0 |   2134 |   4 |  707.0 |
               +--------+--------+--------+--------+--------+-----+--------+

Top non-repeatable levels by time:
     D:2: 1014 daAuts
     D:1: 968 daAuts
     D:3: 835 daAuts
     D:4: 9 daAuts
